 Dungeon Crawl Stone Soup version 0.31-a0-164-g2312942fda (webtiles) character file.

Game seed: 14018270992319499750

4191 qw the Cleaver (level 10, -4/63 HPs)
             Began as a Gargoyle Fighter on June 13, 2023.
             Was a Believer of Okawaru.
             Slain by a yak (7 damage)
             ... on level 8 of the Dungeon.
             The game lasted 00:03:37 (7425 turns).

qw the Cleaver (Gargoyle Fighter)                   Turns: 7425, Time: 00:03:38

Health: -4/63      AC: 27    Str: 24    XL:     10   Next: 29%
Magic:  12/13      EV: 10    Int:  9    God:    Okawaru [**....]
Gold:   293        SH: 12    Dex: 15    Spells: 9/9 levels left

rFire   . . .        Y - +3 war axe
rCold   . . .        c - +0 buckler
rNeg    + . .        k - +0 plate armour
rPois   inf          (no helmet)
rElec   +            l - +0 cloak
rCorr   .            (no gloves)
SInv    .            (no boots)
Will    .....        m - amulet of reflection Stlth
                     b - +4 ring of protection
HPRegen 0.30/turn    g - +6 ring of dexterity
MPRegen 0.13/turn

%: reflection
@: heroic
A: sickness immunity, AC +7, negative energy resistance 1, electricity
resistance, torment resistance 1, petrification resistance
a: Renounce Religion, Heroism


You were on level 8 of the Dungeon.
You worshipped Okawaru.
Okawaru was pleased with you.
You visited 2 branches of the dungeon, and saw 9 of its levels.

You collected 293 gold pieces.


Innate Abilities, Weirdness & Mutations

You are immune to sickness and miasma.
Your stone body is resilient. (AC +7)
You are immune to poison.
You resist negative energy. (rN+)
You are resistant to electric shocks. (rElec)
You are resistant to unholy torment.
You are immune to petrification.


   Skills:
 - Level 7.0(12.0) Fighting
 + Level 9.9(14.9) Axes
 - Level 1.3(6.3) Throwing
 - Level 6.1(11.1) Armour
 - Level 3.0(8.0) Dodging
 - Level 5.0(10.0) Shields
 - Level 4.2 Invocations


You had 9 spell levels left.
You didn't know any spells.
Your spell library was empty.

Inventory:

Hand Weapons
 a - a +0 flail
 Y - a +3 war axe (weapon)
Missiles
 e - a boomerang (quivered)
Armour
 c - a +0 buckler (worn)
 h - the +5 leather armour of Generosity {rPois rC+ Slay+2 SInv}
   (You found it on level 6 of the Dungeon)

   Slay:      It affects your accuracy & damage with ranged weapons and melee
   (+2).
   rC:        It protects you from cold.
   rPois:     It protects you from poison.
   SInv:      It lets you see invisible.
 k - a +0 plate armour (worn)
 l - a +0 cloak (worn)
Jewellery
 b - a +4 ring of protection (left hand)
 g - a +6 ring of dexterity (right hand)
 m - an amulet of reflection (around neck)
Scrolls
 i - 7 scrolls of identify
Potions
 d - 4 potions of might
 f - a potion of magic
 j - 2 potions of haste
 n - 3 potions of curing
 o - a potion of resistance {unknown}

Dungeon Overview and Level Annotations

Branches:
Dungeon (8/15)             Temple (1/1) D:6
   Lair: D:8-11

Altars:
Ashenzari
Dithmenos
Elyvilon
Fedhas
Gozag
Hepliaklqana
Kikubaaqudgha
Makhleb
Nemelex Xobeh
Okawaru
Ru
Sif Muna
Trog
Uskayaw
Vehumet
Wu Jian
Xom
Yredelemnul
Zin

Shops:
D:5 *   D:6 [


Message History

You hit the yak but do no damage. You closely miss the yak.
You hit the yak but do no damage. You slash the yak!
You block the yak's attack. x2; The yak gores you but does no damage.
The yak gores you. The yak barely misses you.
You hit the yak.
You kill the yak!
Okawaru accepts your kill.
You hit the yak. You completely miss the yak. You hit the yak. x2
You hit the yak.
The yak is severely wounded.
You hit the yak. You closely miss the yak. You hit the yak.
You block the yak's attack.
The yak gores you. x2; You block the yak's attack.
You slice the yak!!
You kill the yak!
Okawaru accepts your kill.
You slice the yak!! You barely miss the yak. You slash the jelly!
Your hands burn!
You hit the yak. The jelly barely misses you.
The yak gores you but does no damage. The yak closely misses you.
You block the yak's attack.
You closely miss the yak.
The yak is severely wounded.
You hit the yak. You hit the jelly.
Your hands burn!
You slash the yak! The jelly hits you but does no damage.
You block the yak's attack. The yak barely misses you.
The yak closely misses you.
You hit the yak.
The yak is almost dead.
You hit the yak. You slash the jelly!
You kill the jelly!
Okawaru accepts your kill.
You slash the yak! You slash the yak!
You kill the yak!
Okawaru accepts your kill.
You hit the yak. You hit the yak but do no damage.
You block the yak's attack. x2
You hit the yak.
The yak is almost dead.
You barely miss the yak. The yak gores you!
You die...

..## ........... #. # Y
.......... #.##
............ #...
#Y.............###...
#.#.............#....
##.##................. #
#........[............
#..####.Y@................
#.......Y....!...........
....#....................
.. #....................
#.......#............
###.#.###............
#.#.# #...#........
#####.##..#..."....
#...............#


You could see 2 yaks.

Vanquished Creatures
  Maggie (D:6)
  2 hornets
  8 yaks (D:8)
  A water moccasin (D:5)
  An ogre (D:6)
  2 orc warriors (D:7)
  A sky beast (D:6)
  A black bear (D:7)
  An ice beast (D:7)
  2 centaurs
  A phantom (D:3)
  A bullfrog (D:7)
  2 scorpions
  6 killer bees (D:5)
  2 howler monkeys
  4 jellies
  5 hounds
  2 gnoll boudas
  An orc priest (D:7)
  8 iguanas
  7 orc wizards
  7 gnolls
  9 adders
  3 dart slugs
  14 orcs
  9 ball pythons
  3 endoplasms
  3 giant cockroaches
  8 goblins
  9 hobgoblins
  3 jackals (D:5)
  7 kobolds
  2 quokkas
  16 bats
  4 frilled lizards
  4 rats
160 creatures vanquished.

Notes
Turn   | Place    | Note
-------+----------+-------------------------------------------
     0 | D:1      | qw the Gargoyle Fighter began the quest for the Orb.
     0 | D:1      | Reached XP level 1. HP: 14/14 MP: 1/1
     0 | D:1      | 0 ||| qw: Version: 0.2-a-29-gc1b59c4
     0 | D:1      | 0 ||| qw: Game counter: 4552
     0 | D:1      | 0 ||| qw: Always use a shield: true
     0 | D:1      | 0 ||| qw: God list: Okawaru
     0 | D:1      | 0 ||| qw: Allow faded altars: false
     0 | D:1      | 0 ||| qw: Do Orc after D:15 true
     0 | D:1      | 0 ||| qw: Do second Lair branch before Depths: true
     0 | D:1      | 0 ||| qw: Lair rune preference: random
     0 | D:1      | 0 ||| qw: Plans: Normal, Zot:1-4, Slime:5, God:TSO, Crypt,
                  | Tomb, Abyss, Pan, Hells, Win
     0 | D:1      | 0 ||| PLANNING D:1-11
    23 | D:1      | Reached skill level 2 in Axes
    88 | D:1      | Reached XP level 2. HP: 19/19 MP: 2/2
   131 | D:1      | Found a faded altar of an unknown god.
   179 | D:1      | 179 ||| DROPPING +0 club.
   244 | D:1      | 244 ||| Stepping ~*~*~tactically~*~*~ (stealth).
   246 | D:1      | 246 ||| Stepping ~*~*~tactically~*~*~ (stealth).
   307 | D:1      | Reached skill level 3 in Axes
   368 | D:1      | Reached XP level 3. HP: 23/23 MP: 3/3
   389 | D:1      | 389 ||| Stepping ~*~*~tactically~*~*~ (stealth).
   391 | D:1      | 391 ||| Stepping ~*~*~tactically~*~*~ (stealth).
   949 | D:1      | 949 ||| READING scroll labelled HIGHIONIRGHA.
   952 | D:1      | 952 ||| READING 2 scrolls labelled POIHARCH BICOI.
   953 | D:1      | 953 ||| READING scroll labelled ZOFIDY BEVU.
  1156 | D:2      | Identified the +1 dagger "Korgho" {freeze, *Rage rPois rC+
                  | Will++}
  1443 | D:2      | Reached XP level 4. HP: 28/28 MP: 4/4
  1787 | D:2      | 1787 ||| UPGRADING to +0 chain mail.
  1797 | D:2      | 1797 ||| DROPPING +0 scale mail.
  1798 | D:2      | 1798 ||| DROPPING ring of flight.
  1799 | D:2      | 1799 ||| READING scroll labelled JEZ QYOR NALAFUF.
  1800 | D:2      | 1800 ||| READING scroll labelled NYNIETHR VOINA.
  1801 | D:2      | 1801 ||| DRINKING 2 coppery potions.
  1802 | D:2      | 1802 ||| DRINKING 2 amethyst potions.
  1803 | D:2      | 1803 ||| DRINKING 2 red potions.
  1804 | D:2      | 1804 ||| READING 2 scrolls of identify.
  1804 | D:2      | 1804 ||| IDENTIFYING golden potion
  1805 | D:2      | 1805 ||| DROPPING potion of degeneration.
  1842 | D:3      | Reached skill level 4 in Axes
  1854 | D:3      | 1854 ||| Stepping ~*~*~tactically~*~*~ (stealth).
  1855 | D:3      | 1855 ||| Stepping ~*~*~tactically~*~*~ (stealth).
  1903 | D:3      | 1903 ||| Stepping ~*~*~tactically~*~*~ (hiding).
  2101 | D:3      | 2101 ||| Stepping ~*~*~tactically~*~*~ (hiding).
  2103 | D:3      | 2103 ||| Stepping ~*~*~tactically~*~*~ (hiding).
  2271 | D:3      | Found a white marble altar of Elyvilon.
  2303 | D:3      | 2303 ||| Stepping ~*~*~tactically~*~*~ (hiding).
  2344 | D:3      | 2344 ||| DRINKING potion of curing.
  2344 | D:3      | 2344 ||| (to cure confusion)
  2355 | D:3      | Reached XP level 5. HP: 9/32 MP: 5/5
  2467 | D:3      | Found a bloodstained altar of Trog.
  2499 | D:3      | Noticed a phantom
  2513 | D:3      | Killed a phantom
  2514 | D:3      | Reached skill level 5 in Axes
  2514 | D:3      | Reached XP level 6. HP: 28/37 MP: 6/6
  2687 | D:3      | 2687 ||| UPGRADING to +4 ring of protection.
  2688 | D:3      | 2688 ||| UPGRADING to +6 ring of dexterity.
  2689 | D:3      | 2689 ||| READING scroll labelled UKHLOQ SOIQOACW.
  2690 | D:3      | 2690 ||| READING scroll labelled WEDIUD QEUDEAR.
  2736 | D:4      | Reached skill level 1 in Dodging
  2860 | D:4      | 2860 ||| Stepping ~*~*~tactically~*~*~ (hiding).
  3042 | D:4      | Found a broken altar of Ashenzari.
  3047 | D:4      | 3047 ||| DRINKING potion of curing.
  3047 | D:4      | 3047 ||| (to cure confusion)
  3092 | D:4      | 3092 ||| DROPPING +0 whip.
  3388 | D:4      | 3388 ||| DRINKING 2 emerald potions.
  3415 | D:5      | Entered Level 5 of the Dungeon
  3445 | D:5      | You fall into a shaft and drop 1 floor!
  3447 | D:6      | Noticed a hornet
  3455 | D:6      | Reached skill level 6 in Axes
  3457 | D:6      | Reached XP level 7. HP: 22/43 MP: 7/7
  3461 | D:6      | HP: 6/43 [hornet (6)]
  3462 | D:6      | 3462 ||| DRINKING potion of heal wounds.
  3464 | D:6      | Killed a hornet
  3466 | D:6      | Reached skill level 7 in Axes
  3491 | D:6      | 3491 ||| Stepping ~*~*~tactically~*~*~ (stealth).
  3496 | D:6      | 3496 ||| Stepping ~*~*~tactically~*~*~ (stealth).
  3497 | D:6      | 3497 ||| Stepping ~*~*~tactically~*~*~ (stealth).
  3544 | D:6      | 3544 ||| Stepping ~*~*~tactically~*~*~ (hiding).
  3582 | D:6      | Found Ceuc's Antique Armour Boutique.
  3689 | D:6      | 3689 ||| READING 3 scrolls labelled WUYKHL TEXKI.
  3790 | D:6      | 3790 ||| DROPPING 2 scrolls of silence.
  3877 | D:5      | 3877 ||| Stepping ~*~*~tactically~*~*~ (stealth).
  3887 | D:5      | Reached XP level 8. HP: 36/49 MP: 8/8
  3904 | D:5      | Reached skill level 8 in Axes
  3911 | D:5      | 3911 ||| Stepping ~*~*~tactically~*~*~ (stealth).
  4154 | D:5      | 4154 ||| Stepping ~*~*~tactically~*~*~ (stealth).
  4325 | D:5      | Reached skill level 6 in Fighting
  4548 | D:5      | Found Hebem's Serpentskin Sales.
  4771 | D:5      | 4771 ||| READING 3 scrolls labelled ALAPHI EDAR.
  4772 | D:5      | 4772 ||| DROPPING 2 scrolls of noise.
  4876 | D:6      | Found a staircase to the Ecumenical Temple.
  4877 | D:6      | 4877 ||| PLANNING TEMPLE
  4881 | D:6      | 4881 ||| Stepping ~*~*~tactically~*~*~ (hiding).
  4882 | D:6      | 4882 ||| Stepping ~*~*~tactically~*~*~ (hiding).
  4949 | Temple   | Entered the Ecumenical Temple
  4993 | Temple   | 4993 ||| PLANNING OKAWARU WORSHIP
  5164 | Temple   | Became a worshipper of Warmaster Okawaru
  5164 | Temple   | 5164 ||| PLANNING D:1-11
  5207 | D:6      | Identified the +5 leather armour of Generosity {rPois rC+
                  | Slay+2 SInv}
  5285 | D:6      | 5285 ||| Stepping ~*~*~tactically~*~*~ (hiding).
  5299 | D:6      | Reached XP level 9. HP: 52/55 MP: 9/9
  5307 | D:6      | Reached skill level 9 in Axes
  5372 | D:6      | Noticed Maggie
  5391 | D:6      | Killed Maggie
  5391 | D:6      | Reached * piety under Okawaru
  6042 | D:6      | 6042 ||| DROPPING scarf of shadows.
  6043 | D:6      | 6043 ||| UPGRADING to +5 leather armour of Generosity
                  | {rPois rC+ Slay+2 SInv}.
  6053 | D:6      | 6053 ||| UPGRADING to +0 cloak.
  6058 | D:6      | 6058 ||| READING scroll labelled QOBRUBRUSY.
  6059 | D:6      | 6059 ||| READING 6 scrolls of identify.
  6059 | D:6      | 6059 ||| IDENTIFYING bubbling coppery potion
  6060 | D:6      | 6060 ||| DROPPING potion of enlightenment.
  6180 | D:7      | Reached skill level 1 in Invocations
  6194 | D:7      | 6194 ||| Stepping ~*~*~tactically~*~*~ (hiding).
  6195 | D:7      | 6195 ||| Stepping ~*~*~tactically~*~*~ (hiding).
  6241 | D:7      | 6241 ||| Stepping ~*~*~tactically~*~*~ (hiding).
  6242 | D:7      | 6242 ||| Stepping ~*~*~tactically~*~*~ (hiding).
  6247 | D:7      | 6247 ||| INVOKING Heroism.
  6251 | D:7      | Reached skill level 3 in Dodging
  6266 | D:7      | 6266 ||| Stepping ~*~*~tactically~*~*~ (stealth).
  6401 | D:7      | 6401 ||| Stepping ~*~*~tactically~*~*~ (stealth).
  6412 | D:7      | Reached skill level 1 in Throwing
  6462 | D:7      | 6462 ||| INVOKING Heroism.
  6467 | D:7      | 6467 ||| Stepping ~*~*~tactically~*~*~ (hiding).
  6491 | D:7      | 6491 ||| READING scroll of enchant weapon.
  6491 | D:7      | 6491 ||| ENCHANTING +1 war axe.
  6563 | D:7      | Found a burning altar of Makhleb.
  6565 | D:7      | 6565 ||| READING scroll of enchant weapon.
  6565 | D:7      | 6565 ||| ENCHANTING +2 war axe.
  6567 | D:7      | 6567 ||| Stepping ~*~*~tactically~*~*~ (hiding).
  6613 | D:7      | 6613 ||| UPGRADING to +0 plate armour.
  6623 | D:7      | 6623 ||| DROPPING +0 chain mail.
  6624 | D:7      | 6624 ||| READING 7 scrolls of identify.
  6624 | D:7      | 6624 ||| IDENTIFYING smoky emerald potion
  6625 | D:7      | 6625 ||| DROPPING potion of invisibility.
  6636 | D:6      | 6636 ||| SHOPLISTING +3 pair of seven-league boots
                  | {Rampage+∞} (920 gold, have 228).
  6861 | D:7      | 6861 ||| UPGRADING to amulet of reflection.
  6866 | D:7      | 6866 ||| READING scroll labelled CAOFOE BUXZUJA.
  6886 | D:8      | Noticed a hornet
  6892 | D:8      | 6892 ||| STAIRDANCE
  6906 | D:7      | Killed a hornet
  6907 | D:7      | Reached skill level 3 in Invocations
  6956 | D:8      | Found an ancient bone altar of Kikubaaqudgha.
  7003 | D:8      | 7003 ||| Stepping ~*~*~tactically~*~*~ (stealth).
  7004 | D:8      | 7004 ||| Stepping ~*~*~tactically~*~*~ (stealth).
  7014 | D:8      | 7014 ||| INVOKING Heroism.
  7021 | D:8      | Reached XP level 10. HP: 20/63 MP: 9/13
  7023 | D:8      | HP: 9/63 [yak (12)]
  7028 | D:8      | Reached ** piety under Okawaru
  7029 | D:8      | Reached skill level 6 in Armour
  7405 | D:8      | 7405 ||| Stepping ~*~*~tactically~*~*~ (stealth).
  7408 | D:8      | 7408 ||| Stepping ~*~*~tactically~*~*~ (stealth).
  7413 | D:8      | 7413 ||| INVOKING Heroism.
  7420 | D:8      | HP: 14/63 [yak (6)]
  7421 | D:8      | HP: 5/63 [acid (5)]
  7422 | D:8      | HP: 2/63 [acid (3)]
  7425 | D:8      | Slain by a yak

Levels and vault maps discovered:
D:1:      minmay_arrival_plants_in_alcoves, layout_basic,
          nicolae_ecumenical_snake_handling, chequers_serial_rivers_small_3,
          minmay_misc_feat_square, minmay_ruptured
D:2:      layout_loops_corners
D:3:      layout_rooms, elyvilon_altar_5, mainiacjoe_overflow_24_doors
D:4:      layout_loops_ring, cheibrodos_ashenzari_chains,
          grunt_decor_one_mirror, st_stairs_8, kennysheep_nub
D:5:      layout_cave_pods, guppyfry_shop_venom
D:6:      layout_basic, temple_fountains, nicolae_take_the_stairs,
          minmay_chambers_of_fives, uniq_maggie
D:7:      layout_basic, old_standard_altar
D:8:      layout_cave_pools, mainiacjoe_overflow_surrounded_room, minivault_4
Temple:   eino_temple_water

Skill      XL: |  1  2  3  4  5  6  7  8  9 10 |
---------------+-------------------------------+-----
Axes           | 2 3 4 5 6 7 8 9 |  9.9
Dodging        | 1 2 3 |  3.0
Fighting       | 4 5 6 7 |  7.0
Shields        | 5 |  5.0
Invocations    | 4 |  4.2
Throwing       | 1 |  1.3
Armour         | 5 6 |  6.1

Action                     |  1- 3 |  4- 6 |  7- 9 | 10-12 || total
---------------------------+-------+-------+-------+-------++-------
  Melee: War axe           |   131 |   174 |   259 |    24 ||   588
  Throw: Boomerang         |    15 |    16 |    20 |     2 ||    53
 Invoke: Heroism           |       |       |     3 |     1 ||     4
    Use: Scroll            |     3 |     5 |     8 |       ||    16
         Potion            |       |     6 |     1 |       ||     7
 Armour: Scale mail        |    81 |     2 |       |       ||    83
         Chain mail        |       |   127 |   136 |       ||   263
         Plate armour      |       |       |    16 |    13 ||    29
         Leather armour    |       |       |    14 |       ||    14
  Dodge: Dodged            |    57 |    61 |   109 |    12 ||   239
  Block: Buckler           |    39 |    39 |    81 |    17 ||   176

Table legend:
 A = Non-vault XP
 B = Vault XP
 C = Vault XP percentage of total XP
 D = Non-vault monster count
 E = Vault monster count
 F = Vault count percentage of total count
                 A         B        C        D         E       F
            +---------+---------+-------+---------+---------+-------
      Total |    4996 |     992 |  16.6 |     145 |      15 |   9.4
            +---------+---------+-------+---------+---------+-------
        D:1 |      44 |       8 |  15.4 |      29 |       5 |  14.7
        D:2 |      44 |       0 |   0.0 |      14 |       0 |   0.0
        D:3 |     224 |       0 |   0.0 |      23 |       0 |   0.0
        D:4 |     211 |      42 |  16.6 |      13 |       1 |   7.1
        D:5 |     673 |     172 |  20.4 |      19 |       3 |  13.6
        D:6 |     763 |     770 |  50.2 |      18 |       6 |  25.0
        D:7 |    1293 |       0 |   0.0 |      19 |       0 |   0.0
        D:8 |    1744 |       0 |   0.0 |      10 |       0 |   0.0
            +---------+---------+-------+---------+---------+-------
